[Event "GRENKE Chess Classic 2024"]
[Site "Karlsruhe"]
[Date "2024.03.26"]
[Round "1.1"]
[White "Keymer, Vincent"]
[Black "Fridman, Daniel"]
[Result "1/2-1/2"]
[ECO "D05"]
[WhiteElo "2738"]
[BlackElo "2590"]
[Annotator "TA"]
[PlyCount "70"]
[EventDate "2024.03.26"]
[EventType "tourn"]
[EventCountry "GER"]
[SourceTitle "playchess.com"]
[Source "ChessBase"]
[SourceQuality "1"]
[TimeControl "2700+10"]

1. d4 d5 2. Nf3 Nf6 3. e3 e6 4. Nbd2 c5 5. b3 Nc6 6. Bb2 cxd4 7. exd4 g6 8. a3 Bg7 9. Bd3 O-O 10. Qe2 Qb6 11. O-O Nd7 $1 12. Qe3 {[%emt 0:13:57] [#]} e5 $1 13. dxe5 Qxe3 14. fxe3 Ndxe5 15. Rab1 Nxd3 16. cxd3 Bf5 17. e4 dxe4 18. dxe4 {[%emt 0:00:01] [#] Bxg7 would now be deadly.} Be6 19. Bxg7 Kxg7 20. Rfc1 Rfd8 21. Rc3 Rd7 22. Rb2 Rad8 23. Kf2 Nd4 24. Nxd4 {[%emt 0:02:28] The position is equal.} Rxd4 25. Ke3 f5 26. Rc7+ R8d7 27. Rxd7+ Rxd7 $11 {[%emt 0:00:02][%mdl 4096] Endgame. KRB-KRN} 28. g3 fxe4 29. Nxe4 Bf5 {[%emt 0:00:02] White must now prevent ...Re7.} 30. Rd2 Re7 31. Rd4 Bd7 32. Kf2 Rf7+ 33. Ke3 Re7 34. Kf2 Rf7+ 35. Ke3 Re7 {Weighted Error Value: White=0.05 (flawless) /Black=0.05 (flawless) .  Inaccurate:     	White=3     	Black=1      OK:         	White=12    	Black=9      Strong:       	---       	Black=1      Brilliant:      	---       	Black=1} 1/2-1/2

[Event "GRENKE Chess Classic 2024"]
[Site "Karlsruhe"]
[Date "2024.03.26"]
[Round "1.2"]
[White "Rapport, Richard"]
[Black "Carlsen, Magnus"]
[Result "1-0"]
[ECO "B12"]
[WhiteElo "2720"]
[BlackElo "2830"]
[Annotator "TA"]
[PlyCount "81"]
[EventDate "2024.03.26"]
[EventType "tourn"]
[EventCountry "GER"]
[SourceTitle "playchess.com"]
[Source "ChessBase"]
[SourceQuality "1"]
[TimeControl "2700+10"]

1. e4 c6 2. d4 d5 3. e5 Bf5 4. h4 h5 5. Bd3 Bxd3 6. Qxd3 Qa5+ 7. c3 e6 8. a4 {[%emt 0:00:10] The position is equal.} c5 9. dxc5 Qxc5 10. Nf3 Qc7 11. Na3 Bxa3 12. Rxa3 Nd7 13. O-O Ne7 14. Re1 Rc8 15. Qd1 a6 16. Bg5 Ng6 17. a5 O-O ({Much weaker is} 17... Ngxe5 $6 18. Nxe5 Nxe5 19. Bf4 $16) 18. Ra4 Rce8 19. Rd4 ({White should play} 19. Rb4 $14) 19... Ndxe5 (19... Qxa5 $11 20. Bf4 Nxf4 21. Rxf4 Qc7) 20. Nxe5 $14 Nxe5 21. Bf4 {[%emt 0:00:36] White is more active.} (21. Qxh5 $16 Nd7 22. Re3) 21... f6 22. Qxh5 Qf7 $1 23. Qxf7+ Nxf7 24. Bh2 Kh7 25. g4 Nd8 26. Bd6 Rg8 27. Rb4 Nc6 28. Rxb7 {[%emt 0:00:06] Threatens to win with b4.} Nxa5 29. Rd7 {[%emt 0:05:05] Black must now prevent Be7.} Nc4 30. b3 Nd2 {[%emt 0:00:20] And now ...Nf3+ would win.} 31. Re2 Nxb3 32. Be7 {[%emt 0:00:10] Prevents Rd8.} Kh6 33. Kf1 ({But not} 33. Rxe6 Nc5 34. Bxc5 (34. g5+ $2 Kh5 $19) 34... Rxe6 35. Be3+ Kg6 $17) 33... e5 34. Rb2 Na5 35. Rb6 {[%emt 0:00:12][%cal Oe7f6] Hoping for Bxf6!} Nc4 36. Rxa6 {[%emt 0:00:13][%cal Oe7f6] Bxf6! would now be deadly.} Ra8 ({Better is} 36... Kg6 $11) 37. Rxa8 Rxa8 38. Rxd5 Ra2 39. Bc5 Rc2 {[%emt 0:00:14] [#]} (39... Kh7 $1 $11 {remains equal.}) 40. Rd3 (40. Rd7 $1 $16) 40... Nd2+ $2 {[%emt 0:00:06][%mdl 8192] [#]} (40... Kh7 $11) 41. Rxd2 $1 {[%emt 0:00:14][%mdl 512] Weighted Error Value: White=0.13 (very precise) /Black=0.33.  Loses game:     	---       	Black=1      Mistake:       	White=3     	Black=3      Inaccurate:     	White=1     	Black=1      OK:         	White=16    	Black=15     Best:        	---       	Black=4      Strong:       	---       	Black=1      Brilliant:      	White=1     	---} 1-0

[Event "GRENKE Chess Classic 2024"]
[Site "Karlsruhe"]
[Date "2024.03.26"]
[Round "1.3"]
[White "Vachier-Lagrave, Maxime"]
[Black "Ding, Liren"]
[Result "1/2-1/2"]
[ECO "A45"]
[WhiteElo "2728"]
[BlackElo "2762"]
[Annotator "TA"]
[PlyCount "75"]
[EventDate "2024.03.26"]
[EventType "tourn"]
[EventCountry "GER"]
[SourceTitle "playchess.com"]
[Source "ChessBase"]
[SourceQuality "1"]
[TimeControl "2700+10"]

1. d4 Nf6 2. Bf4 d5 3. e3 c5 4. Nf3 e6 5. c3 Bd6 6. Ne5 Nc6 7. Nd2 Qc7 8. Bb5 O-O 9. Bxc6 bxc6 10. O-O {[%emt 0:00:03] The position is equal.} Ba6 11. Re1 Ne4 12. Nxe4 dxe4 13. Qg4 (13. b3 {simplifies} f6 14. Nc4 Bxf4 15. exf4 Bxc4 16. bxc4 f5 17. Qd2) 13... Rae8 {[%emt 0:01:08] [#] Strongly threatening ...cxd4.} 14. b3 $1 f6 15. Nc4 Bxf4 16. Qxf4 Qxf4 17. exf4 Bxc4 18. bxc4 cxd4 19. Rxe4 dxc3 $11 {[%emt 0:00:01][%mdl 4096] Endgame. KRR-KRR} 20. Re3 c2 (20... e5 {simplifies} 21. fxe5 Rxe5 22. Rxc3 Rd8) 21. Rc3 e5 22. fxe5 Rxe5 23. Rxc2 Kf7 24. g3 Rfe8 25. Kf1 R8e7 26. Rb1 Kg6 27. Rb8 Re1+ 28. Kg2 R1e2 29. Rxe2 Rxe2 {[%emt 0:00:01] KR-KR} 30. Rc8 Rxa2 31. Rxc6 a5 32. Ra6 Rc2 33. Rxa5 Rxc4 34. h4 h5 35. Ra6 Rb4 36. Ra5 Rc4 37. Ra6 Rb4 38. Ra5 {[%emt 0:00:01] A balanced but interesting game.   Weighted Error Value: White=0.01 (flawless) /Black=0.03 (flawless) .  OK:         	White=12    	Black=10     Best:        	White=1     	Black=2      Strong:       	White=1     	---} 1/2-1/2

[Event "GRENKE Chess Classic 2024"]
[Site "Karlsruhe"]
[Date "2024.03.26"]
[Round "2.1"]
[White "Ding, Liren"]
[Black "Rapport, Richard"]
[Result "1/2-1/2"]
[ECO "A62"]
[WhiteElo "2762"]
[BlackElo "2720"]
[Annotator "TA"]
[PlyCount "35"]
[EventDate "2024.03.26"]
[EventType "tourn"]
[EventCountry "GER"]
[SourceTitle "playchess.com"]
[Source "ChessBase"]
[SourceQuality "1"]
[TimeControl "2700+10"]

1. d4 Nf6 2. c4 e6 3. g3 c5 4. d5 exd5 5. cxd5 d6 6. Nc3 g6 7. Bg2 Bg7 8. Nf3 O-O 9. O-O Re8 10. Re1 a6 11. a4 Nbd7 12. Bf4 Qc7 13. h3 Rb8 14. e4 Nh5 15. Be3 Nhf6 16. Bf4 Nh5 17. Be3 Nhf6 18. Bf4 {[%emt 0:01:28] An uneventful encounter.   Weighted Error Value: White=0.19 (very precise) /Black=0.09 (flawless) .  Inaccurate:     	White=1     	Black=1      OK:         	---       	Black=1      Best:        	---       	Black=2} 1/2-1/2

[Event "GRENKE Chess Classic 2024"]
[Site "Karlsruhe"]
[Date "2024.03.26"]
[Round "2.2"]
[White "Fridman, Daniel"]
[Black "Carlsen, Magnus"]
[Result "0-1"]
[ECO "A47"]
[WhiteElo "2590"]
[BlackElo "2830"]
[Annotator "TA"]
[PlyCount "136"]
[EventDate "2024.03.26"]
[EventType "tourn"]
[EventCountry "GER"]
[SourceTitle "playchess.com"]
[Source "ChessBase"]
[SourceQuality "1"]
[TimeControl "2700+10"]

1. d4 Nf6 2. Nf3 b6 3. g3 Bb7 4. Bg2 g6 5. c4 Bg7 6. O-O O-O 7. d5 Na6 {[%emt 0:00:09] A50: Damenindisch (ohne e7-e6).} 8. Nc3 Nc5 9. Nd4 e5 10. Nb3 d6 11. Nxc5 bxc5 12. a3 Nd7 $146 ({Predecessor:} 12... Ba6 13. Qa4 Qc8 14. b4 Nd7 15. Nb5 Nb6 16. Qb3 Bxb5 17. cxb5 c4 18. Qc2 a6 19. bxa6 Qxa6 {0-1 Sargissian,G (2671)-Grischuk,A (2779) Wch Blitz 7th 2013 (13)}) 13. e4 f5 14. b4 Ba6 15. Qd3 Bc8 16. Na4 Nf6 17. f3 cxb4 18. axb4 f4 19. Nc3 g5 20. g4 h5 21. h3 hxg4 22. hxg4 Nxg4 23. fxg4 Bxg4 24. Bh3 Qd7 25. Bxg4 Qxg4+ 26. Kf2 Qh4+ 27. Ke2 g4 28. Kd1 f3 29. Kc2 f2 30. Qe2 Rf3 31. Be3 Raf8 32. Rxa7 g3 33. Ra8 Rxa8 34. Qxf3 Qh3 $1 35. Rh1 (35. Rxf2 $2 Rf8 36. Qe2 gxf2 37. Bxf2 Bh6 $17) (35. Qd1 $1 $11 {war der einzige Weg, das Gleichgewicht zu halten.}) 35... Rf8 $1 $17 36. Rxh3 Rxf3 37. Bxf2 Rxf2+ 38. Kb3 g2 39. Rg3 Kf7 (39... Kh7 $1 $17 {Weiss muss nun ...Bf6 beachten.} 40. c5 (40. Nb5 $2 Rf3+ 41. Rxf3 g1=Q $19) 40... Bh6) 40. c5 $1 $11 (40. Nb5 $2 Bh6 41. c5 dxc5 42. bxc5 Rf3+ 43. Rxf3+ Bf4 $19) 40... Bf8 41. Kc4 Bh6 42. b5 dxc5 (42... Bf4 $5 43. Rg4 $8 dxc5 $11) 43. d6 $1 cxd6 44. b6 Rb2 (44... Bf4 $5 45. Rg4 $8 Rb2 $11) 45. b7 (45. Nd5 $1 $11) 45... Rb4+ (45... Rxb7 {vereinfacht} 46. Rxg2 Rb4+ 47. Kd5 Rd4+) 46. Kd5 Rxb7 47. Rxg2 Rb6 48. Ra2 Rb3 (48... Kf6 $15) 49. Ra7+ (49. Rc2 $11) 49... Kf6 $1 $17 50. Kc4 Rb4+ 51. Kd5 (51. Kd3 $142 Rd4+ 52. Kc2) 51... Bd2 $19 52. Ne2 Rb3 $1 53. Ra2 {[%emt 0:02:21] [#]} (53. Kxd6 Re3 54. Ng1 Rd3+ (54... Rxe4 55. Nf3 $17) 55. Kc6 c4 $19) 53... Bb4 $1 54. Kxd6 Rd3+ 55. Kc6 {[%emt 0:00:02] [#]} Kg5 $1 56. Kb5 $2 (56. Ra8 {war angesagt.}) 56... Kg4 $19 (56... Re3 $2 57. Nc1 $19) 57. Kc4 Rd1 58. Rc2 Kf3 59. Nc1 Kxe4 60. Nb3 (60. Re2+ $142 Kf3 61. Rxe5 Rxc1+ 62. Kb5) 60... Rd3 (60... Kf3 $142 {Und ...e4 würde nun gewinnen.} 61. Ra2 e4) 61. Re2+ ({Viel schlechter ist} 61. Nxc5+ Bxc5 62. Kxc5 Kf3) (61. Rc1 $142) 61... Re3 $19 62. Nc1 Rxe2 63. Nxe2 Kf3 64. Ng1+ Kg2 65. Ne2 Kf2 66. Nc1 e4 67. Kd5 e3 68. Nd3+ Kf1 0-1

[Event "GRENKE Chess Classic 2024"]
[Site "Karlsruhe"]
[Date "2024.03.26"]
[Round "2.3"]
[White "Keymer, Vincent"]
[Black "Vachier-Lagrave, Maxime"]
[Result "1/2-1/2"]
[ECO "D20"]
[WhiteElo "2738"]
[BlackElo "2728"]
[Annotator "TA"]
[PlyCount "142"]
[EventDate "2024.03.26"]
[EventType "tourn"]
[EventCountry "GER"]
[SourceTitle "playchess.com"]
[Source "ChessBase"]
[SourceQuality "1"]
[TimeControl "2700+10"]

1. d4 d5 2. c4 dxc4 3. e4 e5 4. Nf3 Bb4+ 5. Bd2 Bxd2+ 6. Nbxd2 exd4 7. Bxc4 Nc6 8. O-O Nge7 {[%emt 0:01:15] D20: Queen's Gambit Accepted: 3 e3 and 3 e4.} 9. Ng5 $1 {[%emt 0:13:58][%mdl 4] is recently more successful than 9.Nb3.} Ne5 10. Bb3 N7c6 11. f4 Bg4 12. Bxf7+ Nxf7 13. Qxg4 Nxg5 14. fxg5 Qc8 15. Qg3 Qd7 16. g6 O-O-O 17. Rf7 Qd6 18. Qxd6 Rxd6 19. gxh7 Rxh7 20. Raf1 $146 ({Predecessor:} 20. Nf3 Nd8 21. Rf5 g6 22. Rf8 Re7 23. e5 Rd5 24. Rg8 Kd7 25. Rxg6 Nc6 26. e6+ Rxe6 27. Rxe6 Kxe6 {1-0 Mamedyarov,S (2758)-Dominguez Perez,L (2754) Saint Louis Rapid 2022 (9)}) 20... b6 21. Rc1 Rd7 22. Rxd7 Kxd7 23. Nf3 Rh5 24. Rd1 Ke6 25. Kf2 Rc5 26. Ke2 Rc2+ 27. Rd2 Rc1 28. a3 a5 29. h4 g6 30. Kf2 Ne5 31. Nxd4+ Kf6 32. Ne2 Rb1 33. Nc3 Rxb2 34. Nd5+ Kf7 35. Rxb2 Nd3+ 36. Kf3 Nxb2 37. Nxc7 Nc4 38. Nb5 a4 39. Kf4 Ke6 40. g4 Kf6 41. h5 $2 (41. Nc7 $18 {and the rest is easy.}) 41... g5+ $16 42. Kf3 Ne5+ $2 (42... Kg7 $16) 43. Kg3 $18 Nc4 44. Nc3 Kf7 $2 (44... Nxa3 45. Nd5+ (45. Nxa4 Nc4 $14) 45... Kf7) 45. Nxa4 $18 b5 46. Nc5 Nxa3 47. e5 Nc4 {[%emt 0:00:47] [#]} 48. Ne4 $2 ({White must play} 48. Nd3 $1 $18) 48... Nxe5 $11 49. Nd6+ Ke6 50. Nxb5 Nf7 51. Nd4+ Ke5 52. Nf5 Ke4 53. Ne7 Nh6 54. Nc6 Nf7 55. Nb8 Ke3 56. Nd7 Ke4 57. Nc5+ Ke3 58. Ne6 Ke4 59. Nc7 Nh6 {[%emt 0:00:41] [#]} (59... Nd6 $1 $11) 60. Ne8 (60. Nb5 $1 $16) 60... Nf7 $1 $11 61. Nf6+ Ke5 62. Ng8 Ke4 63. h6 Ke5 64. Kf3 Ke6 65. h7 Nh8 66. Ke4 $1 Kf7 67. Kf5 Kg7 68. Ne7 Nf7 69. Ke6 Nd8+ 70. Kd7 Nf7 71. Ke6 Nd8+ 1/2-1/2

[Event "GRENKE Chess Classic 2024"]
[Site "Karlsruhe"]
[Date "2024.03.27"]
[Round "3.1"]
[White "Vachier-Lagrave, Maxime"]
[Black "Fridman, Daniel"]
[Result "0-1"]
[ECO "C02"]
[WhiteElo "2728"]
[BlackElo "2590"]
[Annotator "TA"]
[PlyCount "108"]
[EventDate "2024.03.26"]
[EventType "tourn"]
[EventCountry "GER"]
[SourceTitle "playchess.com"]
[Source "ChessBase"]
[SourceQuality "1"]
[TimeControl "2700+10"]

1. e4 e6 2. d4 d5 3. e5 c5 4. c3 Qb6 5. Nf3 Nc6 6. a3 Nh6 7. Bd3 {[%emt 0:00:02] is currently scoring better than 7.b4.} cxd4 {[%emt 0:00:04] C02: French: Advance Variation.} 8. O-O Bd7 9. b4 Rc8 10. h3 a6 11. Bb2 Nf5 12. Bxf5 exf5 13. cxd4 Na5 $146 ({Predecessor:} 13... Be6 14. Nc3 Be7 15. Na4 Qb5 16. Nc5 a5 17. Bc3 b6 18. a4 Qc4 19. b5 bxc5 20. Rc1 Nb4 21. Bxb4 Qxb4 22. Rb1 Qa3 23. Ra1 {½-½ Desmarais,S (2296)-Juegel,M (2068) W-ch WS/M/801 email 2021}) 14. Nc3 Nc4 15. Bc1 Qc6 16. Re1 Be7 17. Bg5 Bxg5 18. Nxg5 O-O 19. Ne2 h6 20. Nf3 Nb2 21. Qb1 Qc2 22. Nf4 Be6 23. a4 g5 24. Ra2 Qxb1 25. Rxb1 gxf4 (25... Nc4 26. Nxe6 fxe6 27. a5 $14) 26. Rbxb2 Rc1+ 27. Kh2 Rfc8 28. Ng1 Rf1 29. Ne2 f3 (29... Rxf2 $6 30. Kg1 Rxe2 31. Rxe2 $16) 30. gxf3 Rxf2+ 31. Kg3 Rf1 32. b5 a5 33. Rc2 Rc4 34. Rxc4 dxc4 35. Nc3 $1 Rc1 36. Ra3 Rc2 ({Black should play} 36... Kf8) 37. d5 $16 Bd7 38. d6 ({White should try} 38. Nd1 $1 $16) 38... Be6 $2 {[%emt 0:00:34] [#]} (38... Rd2 $11 {and Black has nothing to worry.} 39. Ra2 Rxa2 40. Nxa2 f6) 39. Nd5 $1 $18 Kf8 (39... Bxd5 $2 40. d7 Kg7 41. d8=Q $18 (41. d8=R Be6 $18)) 40. Rc3 (40. Nf6 $16 c3 41. Ra1 f4+ 42. Kxf4) 40... Re2 {[%emt 0:01:08] [#]} (40... Rxc3 $11 41. Nxc3 f6) 41. Ne3 (41. Nc7 $1 $16 {[%cal Rc7e6] Nxe6+ is the strong threat.} Rxe5 42. Kf4) 41... Ra2 42. Kf4 (42. Nxc4 $2 {too greedy.} f4+ 43. Kxf4 Rxa4 $19) 42... Rxa4 43. Nxf5 Ra1 (43... Rb4 $11 {remains equal.}) 44. Nd4 (44. Nxh6 $16 a4 45. Ng4) 44... Bd5 $11 45. Nc2 Rb1 (45... Rd1 $11) 46. Na3 $2 (46. Ne3 $14 {stays ahead.} Be6 47. Ng4 (47. Nxc4 $2 {is the wrong capture.} Rb4 $19)) 46... Rb3 $19 47. Rxb3 cxb3 48. Ke3 Ke8 $2 (48... b2 $19 {has better winning chances. White must now prevent ...Ba2.} 49. Kd2 Be6 (49... Bxf3 50. Kc2 $17)) 49. f4 $2 (49. Kd2 $17) 49... Be6 $19 50. h4 b2 51. Kd4 Bf5 52. Kc5 Kd7 53. Kb6 a4 (53... b1=B $2 54. Kxb7 a4 55. b6 Bbe4+ 56. Ka6 $19) 54. Ka5 Bc2 0-1

[Event "GRENKE Chess Classic 2024"]
[Site "Karlsruhe"]
[Date "2024.03.27"]
[Round "3.2"]
[White "Carlsen, Magnus"]
[Black "Ding, Liren"]
[Result "1/2-1/2"]
[ECO "E10"]
[WhiteElo "2830"]
[BlackElo "2762"]
[Annotator "TA"]
[PlyCount "96"]
[EventDate "2024.03.26"]
[EventType "tourn"]
[EventCountry "GER"]
[SourceTitle "playchess.com"]
[Source "ChessBase"]
[SourceQuality "1"]
[TimeControl "2700+10"]

1. d4 Nf6 2. c4 e6 3. Nf3 d5 4. cxd5 exd5 5. Nc3 c6 6. Bf4 Bf5 7. e3 Nbd7 {[%emt 0:00:38][%cal Bb8d7,Bd7f8,Bf8e6][%mdl 32] D35: Queen's Gambit Declined: Exchange Variation.} 8. Nh4 {[%emt 0:00:24] 8.h3 is the modern continuation.} Be4 9. f3 Bg6 10. g4 {[%emt 0:01:55] Dodges Nh5} Be7 11. Nxg6 hxg6 12. Qc2 $146 ({Predecessor:} 12. Qb3 Qb6 13. Qc2 Nf8 14. O-O-O Ne6 15. Bg3 O-O-O 16. h4 Bd6 17. Bf2 Qc7 18. Bh3 {1-0 Sivuk,V (2490)-Raja,R (2500) Rilton Cup 51st 2023 (7)}) 12... Nf8 13. O-O-O Ne6 14. Bg3 Bd6 15. Be1 Qc7 16. Kb1 O-O-O 17. h4 Kb8 18. Rg1 a6 19. Rg2 g5 20. h5 c5 21. dxc5 Bxc5 22. Na4 Bxe3 23. Qb3 d4 $1 {[%emt 0:00:21] Threatens to win with ...Rc8.} 24. Rc2 {[%emt 0:03:03] Some like it hot} Qd6 25. Ba5 Qd5 26. Bxd8 Qxb3 27. axb3 Rxd8 28. Nc5 ({White should try} 28. Bc4 $14) 28... Nd5 $1 $11 29. Bd3 Nb4 (29... Bf4 $11) 30. Nxe6 $14 fxe6 31. Rc5 ({Better is} 31. Rc4 $14 Nc6 32. Rc5) 31... Rd5 (31... Bf4 $11) 32. Rc4 (32. Rxd5 $14 exd5 33. Bf5) 32... a5 $1 $11 33. Be4 Rd6 34. Rc5 b6 35. Rc4 e5 {[%emt 0:00:32] [#]} 36. Rxb4 $1 axb4 {[%emt 0:00:01][%mdl 4096] Endgame. KRB-KRB} 37. Kc2 d3+ 38. Rxd3 Rxd3 39. Kxd3 $14 {[%emt 0:00:02] KB-KB} Bc1 40. Kc4 {[%emt 0:00:01] Hoping for Kd5.} Kc7 41. Kd5 {[%emt 0:00:02] And now Ke6 would win.} Kd7 42. Kxe5 Ke7 43. Kf5 Bd2 44. Kg6 Kf8 45. Bd5 Bc1 46. Bc4 Bd2 47. Bd5 Bc1 48. Bc4 Bd2 $1 1/2-1/2

[Event "GRENKE Chess Classic 2024"]
[Site "Karlsruhe"]
[Date "2024.03.27"]
[Round "3.3"]
[White "Rapport, Richard"]
[Black "Keymer, Vincent"]
[Result "1/2-1/2"]
[ECO "C50"]
[WhiteElo "2720"]
[BlackElo "2738"]
[Annotator "TA"]
[PlyCount "128"]
[EventDate "2024.03.26"]
[EventType "tourn"]
[EventCountry "GER"]
[SourceTitle "playchess.com"]
[Source "ChessBase"]
[SourceQuality "1"]
[TimeControl "2700+10"]

1. e4 e5 2. Nf3 Nc6 3. Bc4 Nf6 4. d3 Bc5 5. c3 a6 6. Nbd2 O-O {[%emt 0:02:23] C54: Giuoco Piano: 4 c3 Nf6, main lines with 5 d4 and 5 d3.} 7. Bb3 d6 8. Nf1 Be6 9. Ng3 h6 10. O-O Bxb3 11. axb3 Re8 $146 ({Predecessor:} 11... Ne7 12. Nh4 Qd7 13. Qf3 Qg4 14. Nhf5 Nxf5 15. Qxf5 Qxf5 16. Nxf5 Kh7 17. b4 Bb6 {½-½ Oviedo,M (1601)-Sosa,B (1395) URU-ch U20/Girls 2018 (4)}) 12. b4 Bb6 13. Re1 Ne7 14. Nh4 Qd7 15. h3 Rad8 16. Qf3 Kh7 17. Nhf5 Nxf5 18. Nxf5 Ng8 19. c4 Re6 20. Be3 Bxe3 21. Qxe3 Ne7 22. Nxe7 Rxe7 23. Ra5 Rde8 24. Rea1 c6 25. Qb6 Re6 26. Qe3 Rg6 27. Kh2 f5 28. Rd1 Qf7 29. b3 Rf8 30. f3 f4 31. Qf2 Rg3 32. d4 Qh5 33. dxe5 dxe5 34. Rd6 Re8 35. Ra2 Re7 36. Rad2 Qh4 37. Qf1 Rg5 38. Qf2 Rg3 39. Qf1 Rg5 $1 40. c5 Qg3+ 41. Kh1 Qh4 42. Rd7 Rg6 $1 43. R7d6 ({White should try} 43. Rd8 $14) 43... Ree6 (43... Rg5 $11) 44. Qd1 Qg5 (44... Re7 $14) 45. Kg1 ({Better is} 45. Rd7 $16) 45... Qg3 $14 46. Rxe6 $1 Rxe6 47. Rd6 Rg6 48. Rxg6 (48. Qd2 $16) 48... Qxg6 $11 49. Qd7 Qg3 50. Kf1 Qh2 51. Qf5+ Kh8 52. Qf8+ Kh7 53. Qf5+ Kh8 54. Qxe5 Qh1+ 55. Kf2 Qc1 56. Qd4 Qc2+ 57. Kg1 Qb1+ 58. Kh2 Qe1 $1 59. Qd8+ Kh7 60. Qd3 Qg3+ 61. Kh1 Qe1+ 62. Kh2 Qg3+ 63. Kg1 Qe1+ 64. Kh2 Qg3+ 1/2-1/2

[Event "GRENKE Chess Classic 2024"]
[Site "Karlsruhe"]
[Date "2024.03.27"]
[Round "4.1"]
[White "Rapport, Richard"]
[Black "Fridman, Daniel"]
[Result "1-0"]
[ECO "C00"]
[WhiteElo "2720"]
[BlackElo "2590"]
[Annotator "TA"]
[PlyCount "49"]
[EventDate "2024.03.26"]
[EventType "tourn"]
[EventCountry "GER"]
[SourceTitle "playchess.com"]
[Source "ChessBase"]
[SourceQuality "1"]
[TimeControl "2700+10"]

1. e4 e6 2. d3 c5 3. g3 Nc6 4. Bg2 g6 5. f4 Bg7 6. Nf3 Nge7 7. O-O O-O 8. c3 d6 9. a4 b6 10. Na3 Rb8 11. Be3 Ba6 {[%emt 0:01:44] The position is equal.} 12. Bf2 Qd7 13. Re1 Rbd8 14. d4 cxd4 15. cxd4 Nb4 16. Nb5 Rc8 17. Re2 {[%emt 0:00:35] Dodges Nc2} Bxb5 18. axb5 Qxb5 19. Rxa7 Nd3 {[%emt 0:00:25] ...Rc1 would now be deadly.} 20. Bf1 (20. Rxe7 $2 {perishes.} Rc1 $19 (20... Nxb2 $2 {loses.} 21. Qf1 $18) (20... Nxb2 $2 {too greedy.} 21. Qd2 $18)) 20... Rc1 $2 {[%emt 0:04:20] [#] This costs Black the game.} (20... Nxf2 $14 21. Rxf2 Qe8) 21. Qd2 $1 $18 Nc6 22. Ra3 Ncb4 (22... Rxf1+ $142 23. Kxf1 Ncb4) 23. Ne1 Nxe1 24. Qxc1 Nbd3 (24... Ned3 $142 25. Rd2 Nxc1 26. Bxb5 d5) 25. Rxe1 {[%emt 0:00:15] Weighted Error Value: White=0.02 (flawless) /Black=0.41.  Loses game:     	---       	Black=1      Mistake:       	---       	Black=2      Inaccurate:     	---       	Black=2      OK:         	White=5     	Black=3      Best:        	White=5     	Black=1      Strong:       	White=1     	---} 1-0

[Event "GRENKE Chess Classic 2024"]
[Site "Karlsruhe"]
[Date "2024.03.27"]
[Round "4.2"]
[White "Carlsen, Magnus"]
[Black "Vachier-Lagrave, Maxime"]
[Result "1/2-1/2"]
[ECO "B50"]
[WhiteElo "2830"]
[BlackElo "2728"]
[Annotator "TA"]
[PlyCount "142"]
[EventDate "2024.03.26"]
[EventType "tourn"]
[EventCountry "GER"]
[SourceTitle "playchess.com"]
[Source "ChessBase"]
[SourceQuality "1"]
[TimeControl "2700+10"]

1. e4 c5 2. Nf3 d6 3. Nc3 Nf6 4. Be2 e5 5. Bc4 Be7 6. d3 Nc6 7. Bg5 Nd7 8. Bxe7 Qxe7 9. Nd5 Qd8 10. h4 h6 11. c3 Nf6 12. Nd2 O-O 13. Nxf6+ Qxf6 14. Nf1 Kh8 15. Ne3 Qg6 16. g4 Nd8 17. Qf3 Bd7 18. g5 Ne6 19. gxh6 gxh6 20. Nd5 f5 21. O-O-O b5 22. Rhg1 Qh7 23. Bb3 c4 24. Bc2 fxe4 25. Qxe4 Qxe4 26. dxe4 Be8 27. f4 Bh5 28. Rd2 exf4 29. Nc7 Rg8 30. Rxg8+ Rxg8 31. Nxe6 Rg1+ 32. Bd1 Rf1 33. Rxd6 (33. Kc2 $18 f3 34. Nf4 (34. Rxd6 Bg4 $18)) 33... f3 $2 (33... Bg4 $16 34. e5 f3) 34. Nf4 $18 Bg4 35. Ng6+ $2 (35. Rxh6+ $2 Kg7 36. Rg6+ Kf7 $19) ({White must play} 35. Nh5 $18 Rg1 36. Rd8+ (36. Rxh6+ Kg8 $18) 36... Kh7 37. Nf6+ Kg7 38. Nxg4 Rxg4 39. Rd7+ (39. Bxf3 Rf4 $18) 39... Kf8 40. Bxf3 (40. Rxa7 f2 $18) 40... Rxh4 41. Rxa7 (41. e5 Rh3 $18)) 35... Kg7 $1 $14 36. Kc2 (36. Ne5 $5 Bh5 37. Kc2 $11) 36... h5 37. Ne5 f2 $1 38. Rg6+ Kh7 39. Rf6 (39. Bxg4 $2 {loses.} hxg4 (39... Rc1+ 40. Kxc1 f1=Q+ 41. Bd1 $17) 40. Rxg4 Rc1+ 41. Kxc1 f1=Q+ (41... f1=R+ $2 {perishes.} 42. Kd2 $18) 42. Kd2 Qf2+ 43. Kd1 Qxb2 $19) 39... Bxd1+ 40. Kd2 Bg4 41. Ke3 Re1+ $1 42. Kxf2 Rxe4 43. Nxg4 Rxg4 44. Rf5 Kg6 45. Rxb5 Rxh4 46. Kg3 Rg4+ 47. Kh3 Re4 48. a4 a6 49. Ra5 Re6 50. Kh4 Re4+ 51. Kg3 Re6 52. Rc5 Rb6 53. Rxc4 Rxb2 54. Rc6+ Kf7 55. Rxa6 Ke7 56. Kf4 h4 57. Ke5 h3 58. Ra7+ Kd8 59. Rh7 h2 60. c4 Rd2 61. c5 Kc8 62. a5 Rd1 63. Rxh2 Kb7 $2 {[%emt 0:00:02] [#]} (63... Kc7 $11 {and Black is okay.}) 64. Rh6 $2 (64. Ra2 $1 $18) 64... Re1+ $11 65. Kd6 Rd1+ 66. Ke7 Kc7 67. a6 Ra1 68. Rf6 Ra5 69. c6 Rxa6 70. Re6 Rxc6 71. Rxc6+ Kxc6 1/2-1/2